Cogmind - Beta 9.1 @@@ ROGUE MODE // 2019.11.02 @ 21:39:09 Player: bugsniper Result: Destroyed by 8R-AWN with 8R-AWN's Boregun Performance ------------- Evolutions (0) 0 Regions Visited (3) 600 Robots Destroyed (20) 100 Value Destroyed (334) 334 Prototype IDs (24) 480 Alien Tech Used (0) 0 Bonus (297) 297 TOTAL SCORE: 1811 Bonus ------- Aligned with FarCom 300 Friendly Fire -3 Cogmind --------- Core Integrity 0/250 Matter 275/300 Energy 100/100 System Corruption 2% Temperature Cool (0) Location -10/Exiles Parts ------- Power (1) Propulsion (2) Light Treads Utility (2) Improved Heat Sink Large Storage Unit Weapon (2) AWS/Thermal Inventory (10) Light Nuclear Core Improved Heat Sink Beam Rifle Particle Cannon Particle Cannon Particle Cannon Grenade Launcher Peak State ------------ Power Ion Engine Propulsion Light Treads Light Treads Utility Improved Heat Sink Large Storage Unit Weapon AWS/Thermal Inventory Light Nuclear Core Light Treads Improved Heat Sink Beam Rifle Particle Cannon Particle Cannon Particle Cannon Grenade Launcher [Rating: 24] Favorites ----------- Power Ion Engine Engine Ion Engine Propulsion Light Treads Treads Light Treads Leg Aluminum Leg Utility Large Storage Unit Device Improved Heat Sink Storage Large Storage Unit Processor Transport Network Coupler Weapon Particle Cannon Energy Gun EM Pulse Gun Energy Cannon Particle Cannon Build | -11 -10 -10 -10 ------- Run | Scr Mat Min Exi Slots Evolved . | . . . . Power . | . . . . Propulsion . | . . . . Utility . | . . . . Weapon . | . . . . Parts Attached 13 | . 8 1 4 Power . | . . . . Engine . | . . . . Core . | . . . . Reactor . | . . . . Propulsion 3 | . 2 . 1 Treads 3 | . 2 . 1 Leg . | . . . . Wheel . | . . . . Hover . | . . . . Flight . | . . . . Utility 5 | . 4 1 . Device 1 | . . 1 . Storage 3 | . 3 . . Processor 1 | . 1 . . Hackware . | . . . . Protection . | . . . . Artifact . | . . . . Weapon 5 | . 2 . 3 Energy Gun 2 | . . . 2 Energy Cannon 3 | . 2 . 1 Ballistic Gun . | . . . . Ballistic Cannon . | . . . . Launcher . | . . . . Special Weapon . | . . . . Impact Weapon . | . . . . Slashing Weapon . | . . . . Piercing Weapon . | . . . . Special Melee Weapon . | . . . . Unidentified Prototypes . | . . . . Parts Lost 3 | . . . 3 Power 1 | . . . 1 Propulsion 2 | . . . 2 Utility . | . . . . Weapon . | . . . . Highest Loss Streak 2 | . . . 2 Average Slot Usage (%) 96 | . 96 100 96 Engine 13 | . 14 14 12 Treads 26 | . 25 28 27 Leg 1 | . 2 . . Device 6 | . . 10 14 Storage 17 | . 19 17 14 Processor 2 | . 5 . . Energy Gun 1 | . 2 . 1 Energy Cannon 25 | . 25 28 24 Naked Turns . | . . . . Heaviest Build 37 | 13 37 37 30 Greatest Support 40 | 20 40 40 40 Greatest Overweight (x) . | . . . . Average Overweight (x) . | . . . . Largest Inventory Capacity 14 | . 14 14 10 Average Capacity 10 | . 9 10 10 Most Carried 11 | . 11 11 10 Average Carried 8 | . 7 10 9 Final Capacity 14 | 6 14 10 10 Final Carried 11 | 6 11 10 7 Class Distribution -------------------- 100% | Mutant Dominant Class ---------------- Mutant | -10/Materials Mutant | -10/Mines Mutant | -10/Exiles Resources | -11 -10 -10 -10 ----------- Run | Scr Mat Min Exi Matter Collected 290 | 200 80 10 . Remotely . | . . . . Salvage Created 716 | . 372 256 88 Parts 34 | . 23 11 . Haulers Intercepted 1 | . 1 . . Recyclers Shooed 3 | . . 3 . Parts Field Recycled . | . . . . Retrieved Matter . | . . . . Parts Self-Destructed . | . . . . Prevented . | . . . . Kills | -11 -10 -10 -10 ------- Run | Scr Mat Min Exi Combat Hostiles Destroyed 13 | . 5 2 6 Guns 6 | . . . 6 Cannons 7 | . 5 2 . Classes Destroyed 6 | . 5 . 1 Builder 1 | . 1 . . Hauler 1 | . 1 . . Recycler 3 | . 1 2 . Watcher 2 | . 2 . . Grunt 7 | . 5 2 . Assembled 6 | . . . 6 Best Kill Streak 6 | . 3 4 6 Combat Bots Only 6 | . 2 2 6 Max Kills in Single Turn 1 | . 1 1 1 Gunslinging . | . . . . Exploded . | . . . . Melee . | . . . . Uniques/NPCs Destroyed . | . . . . Combat | -11 -10 -10 -10 -------- Run | Scr Mat Min Exi Damage Taken 901 | . 55 61 785 Core 253 | . 23 29 201 Absorbed by Shields . | . . . . Core Remaining (%) 100 | 100 . . . Volleys Fired 28 | . 17 10 1 Largest 2 | . 2 2 1 Hottest 136 | . 136 136 56 Shots Fired 149 | . 34 20 95 Gun 95 | . . . 95 Cannon 54 | . 34 20 . Launcher . | . . . . Special . | . . . . Kinetic . | . . . . Thermal 149 | . 34 20 95 Explosive . | . . . . Electromagnetic . | . . . . Robot Hit Streak 76 | . 10 4 76 Robot Miss Streak 3 | . 2 3 1 Penetration Max . | . . . . Secondary Targets . | . . . . Autonomous 94 | . . . 94 Shots Hit Robots 125 | . 22 9 94 Core Hits 33 | . 10 5 18 Critical Hits 3 | . 2 1 . Critical Kills 2 | . 1 1 . Critical Parts Destroyed 1 | . 1 . . Melee Attacks . | . . . . Impact . | . . . . Slashing . | . . . . Piercing . | . . . . Sneak Attacks . | . . . . Combat Hostiles . | . . . . Follow-up Attacks . | . . . . Damage Inflicted 1188 | . 482 244 462 Guns 462 | . . . 462 Cannons 720 | . 476 244 . Explosions . | . . . . Melee . | . . . . Ramming 6 | . 6 . . Kinetic . | . . . . Thermal 1182 | . 476 244 462 Explosive . | . . . . Electromagnetic . | . . . . Impact . | . . . . Slashing . | . . . . Piercing . | . . . . Highest Corruption 2 | . 2 2 2 Average Corruption 2 | . 2 2 2 Corruption Purged . | . . . . Effects 21 | . 7 3 11 Message Errors 5 | . 2 1 2 Heat Flow Errors 5 | . 2 1 2 Energy Discharges 4 | . 1 1 2 Data Loss (minor) 7 | . 2 . 5 Overload Shots . | . . . . Overflow Damage 3 | . 3 . . Projectiles 2 | . 2 . . Explosions . | . . . . Melee 1 | . 1 . . Knockbacks . | . . . . Impact . | . . . . Kinetic . | . . . . Secondary . | . . . . Self-Inflicted Damage . | . . . . Shots . | . . . . Rammed 1 | . 1 . . Targets Rammed 2 | . 2 . . Kicked . | . . . . Crushed 1 | . 1 . . Highest Temperature 312 | . 312 231 188 Average Temperature 101 | . 105 95 85 Received Heat Transfer 63 | . 30 33 . Effects 1 | . 1 . . Energy Bleed 1 | . 1 . . Siege Activations . | . . . . Robots Corrupted . | . . . . Combat Hostiles . | . . . . Parts Fried 3 | . 3 . . Impact Corruptions 1 | . 1 . . Robots Melted . | . . . . Combat Hostiles . | . . . . Parts Melted 1 | . . 1 . Heat Transferred 2402 | . 851 444 1107 Parts Sabotaged . | . . . . Parts Stolen . | . . . . Parts Stripped . | . . . . Power Chain Reactions . | . . . . Missiles Intercepted . | . . . . Alert | -11 -10 -10 -10 ------- Run | Scr Mat Min Exi Peak Influence 114 | . 114 79 . Average Influence 48 | . 45 60 . Maximum Alert Level . | . . . . Low Security (%) 100 | . . . . Level 1 . | . . . . Level 2 . | . . . . Level 3 . | . . . . Level 4 . | . . . . Level 5 . | . . . . High Security . | . . . . Max Security . | . . . . Squads Dispatched 2 | . 2 . . Investigation 2 | . 2 . . Extermination . | . . . . Reinforcement . | . . . . Assault . | . . . . Garrison . | . . . . Intercept . | . . . . Construction Impeded . | . . . . Haulers Reinforced . | . . . . Stealth | -11 -10 -10 -10 --------- Run | Scr Mat Min Exi Distress Signals 1 | . 1 . . Communications Jammed . | . . . . Distress Signals . | . . . . Times Spotted 29 | . 19 2 8 Peak Tracking Total 9 | . 4 1 9 Tactical Retreats 5 | . 5 . . Traps | -11 -10 -10 -10 ------- Run | Scr Mat Min Exi Traps Triggered 2 | . 2 . . Indirectly . | . . . . Trap Hack Attempts . | . . . . Triggered . | . . . . Disarmed . | . . . . Reprogrammed . | . . . . Reused . | . . . . Traps Extracted . | . . . . Installed . | . . . . Triggered . | . . . . Machines | -11 -10 -10 -10 ---------- Run | Scr Mat Min Exi Machines Disabled . | . . . . Max in Single Turn . | . . . . Machines Sabotaged . | . . . . Garrisons Compromised . | . . . . Overloaded Fab Kills . | . . . . Fab Network Shutdowns . | . . . . Hacking | -11 -10 -10 -10 --------- Run | Scr Mat Min Exi Machines Accessed 5 | . 4 . 1 Terminals 3 | . 3 . . Fabricators . | . . . . Repair Stations . | . . . . Recycling Units 1 | . 1 . . Scanalyzers . | . . . . Garrison Access . | . . . . Total Hacks 11 | . 10 . 1 Successful 6 | . 5 . 1 Failed 5 | . 5 . . Catastrophic 1 | . 1 . . Database Lockouts . | . . . . Manual 7 | . 6 . 1 Terminals 9 | . 9 . . Fabricators . | . . . . Repair Stations . | . . . . Recycling Units 1 | . 1 . . Scanalyzers . | . . . . Garrison Access . | . . . . Terminal Hacks 4 | . 3 . 1 Prototype ID Bank 1 | . 1 . . Locate Traps 1 | . 1 . . Zone Layout 1 | . 1 . . EX-Prototype ID Bank 1 | . . . 1 Fabricator Hacks . | . . . . Repair Station Hacks . | . . . . Recycling Unit Hacks . | . . . . Scanalyzer . | . . . . Garrison Access Hacks . | . . . . Unauthorized Hacks 8 | . 8 . . Terminals 1 | . 1 . . Botnet 1 | . 1 . . Fabricators . | . . . . Repair Stations . | . . . . Recycling Units 1 | . 1 . . Tunnel 1 | . 1 . . Scanalyzers . | . . . . Garrison Access . | . . . . Data Cores Recovered . | . . . . Used . | . . . . Hacking Detections 3 | . 3 . . Full Trace Events . | . . . . Feedback Events . | . . . . Feedback Blocked . | . . . . Robot Schematics Acquired . | . . . . Robots Built . | . . . . Matter . | . . . . Time . | . . . . Total Robot Build Rating . | . . . . Part Schematics Acquired . | . . . . Parts Built . | . . . . Matter . | . . . . Time . | . . . . Total Part Build Rating . | . . . . Parts Repaired . | . . . . Time . | . . . . Parts Recycled . | . . . . Recycled Matter . | . . . . Retrieved Matter . | . . . . Retrieved Components . | . . . . Parts Scanalyzed . | . . . . Part Schematics Acquired . | . . . . Parts Damaged . | . . . . Bothacking | -11 -10 -10 -10 ------------ Run | Scr Mat Min Exi Used RIF Installer . | . . . . Robots Hacked . | . . . . Non-combat . | . . . . Combat . | . . . . Robot Hacks Applied . | . . . . Relay Couplers Released . | . . . . Robots Rewired . | . . . . Allies Hacked . | . . . . Hacks Repelled . | . . . . Allies | -11 -10 -10 -10 -------- Run | Scr Mat Min Exi Total Allies . | . . . . Largest Group . | . . . . Highest-Rated Group . | . . . . Highest-Rated Ally . | . . . . Total Orders . | . . . . Ally Attacks . | . . . . Total Damage . | . . . . Kills . | . . . . Allies Corrupted . | . . . . Allies Melted . | . . . . Intel | -11 -10 -10 -10 ------- Run | Scr Mat Min Exi Robot Analysis Total . | . . . . Derelict Logs Recovered 1 | . . 1 . Drone Launches . | . . . . Drone Recoveries . | . . . . Exploration | -11 -10 -10 -10 ------------- Run | Scr Mat Min Exi Turns Passed 2130 | . 1109 238 783 Spaces Moved 1176 | 1 621 126 428 Core . | . . . . Treads 1102 | . 548 126 428 Legs 74 | 1 73 . . Wheels . | . . . . Hover . | . . . . Flight . | . . . . Fastest Speed 120 | 120 120 160 160 Average Speed 157 | 120 155 160 160 Slowest Speed 160 | 120 160 160 160 Overloaded Moves . | . . . . Propulsion Burnouts . | . . . . Robots Hopped . | . . . . Cave-ins Triggered . | . . . . Exploration Rate (%) 41 | 2 73 32 58 Regions Visited 3 Branch Regions 2 Pre-discovered Areas 1 | . 1 . . Known Exits Taken . | . . . . Unknown Exits Taken 3 | 1 1 1 . Scrap Searched . | . . . . Spaces Dug . | . . . . Terrain Destroyed . | . . . . Melee . | . . . . Projectile . | . . . . AOE . | . . . . Actions | -11 -10 -10 -10 --------- Run | Scr Mat Min Exi Total 1407 | . 736 144 527 Wait 154 | . 62 4 88 Move 1173 | . 620 125 428 Hop . | . . . . Pick Up 18 | . 15 2 1 Fast Attach 3 | . 2 . 1 Attach 8 | . 5 1 2 Detach . | . . . . Swap 2 | . 1 . 1 Drop 19 | . 12 2 5 Fire 28 | . 17 10 1 Melee . | . . . . Ram . | . . . . Kick . | . . . . Crush 2 | . 2 . . Escape Stasis . | . . . . Rewire . | . . . . Trap . | . . . . Miscellaneous . | . . . . Route ------- -11/Scrapyard -10/Materials (discovered 3 exits: [*Mat x2] / [*Min]) -10/Mines (discovered 3 exits: [*Mat x2] / *Exi) -10/Exiles (discovered 1 exit: [*Min]) History --------- Turn | Location | Event 1 | -11/Scrapyard | Discovered new exit (range 0) 1 | -11/Scrapyard | Entered Materials 243 | -10/Materials | Discovered new exit (range 7) 307 | -10/Materials | Build established: Mutant 390 | -10/Materials | Discovered new exit (range 6) 720 | -10/Materials | Discovered new exit (range 4) 1110 | -10/Materials | Entered Mines 1138 | -10/Mines | Met a Derelict bent on vengeance 1163 | -10/Mines | Discovered new exit (range 8) 1286 | -10/Mines | Discovered new exit (range 11) 1315 | -10/Mines | Learned Materials trap positions 1342 | -10/Mines | Deemed a non-threat by the Exiles lab entrance 1342 | -10/Mines | Discovered new exit (range 5) 1348 | -10/Mines | Entered Exiles 1392 | -10/Exiles | Met 8R-AWN 1416 | -10/Exiles | Met EX-HEX 1462 | -10/Exiles | Met EX-BIN 1480 | -10/Exiles | Aligned with FarCom system 1481 | -10/Exiles | Given EX-Vault access code 1521 | -10/Exiles | Opened EX-Vault 1533 | -10/Exiles | Found AWS/Thermal 1566 | -10/Exiles | Warned to stay clear of 0b10 Research branches 1701 | -10/Exiles | Met EX-DEC 1851 | -10/Exiles | Discovered new exit (range 14) 2035 | -10/Exiles | Attacked by the Exiles 2058 | -10/Exiles | Core integrity fell below 50% 2092 | -10/Exiles | Core integrity fell below 20% 2131 | -10/Exiles | Destroyed by 8R-AWN with 8R-AWN's Boregun Last Messages --------------- 02111_ System corrupted: Component data lost. 02113_ Penetrated by HV Slug. 02113_ HV Slug penetrates Earth. 02113_ Penetrated by HV Slug. 02113_ HV Slug penetrates Earth. 02117_ HV Slug penetrates Wall. 02117_ HV Slug penetrates Earth. 02117_ Penetrated by HV Slug. 02117_ HV Slug penetrates Earth. 02121_ Penetrated by HV Slug. 02121_ HV Slug penetrates Earth. 02121_ Penetrated by HV Slug. 02121_ HV Slug penetrates Earth. 02127_ Penetrated by HV Slug. 02127_ HV Slug penetrates Earth. 02127_ Penetrated by HV Slug. 02127_ HV Slug penetrates Earth. 02131_ Penetrated by HV Slug. 02131_ HV Slug penetrates Earth. 02131_ Penetrated by HV Slug. Map ----- +----------------------------------------------------+ | "#???????????????????????????????????????????????? | | "##??????????????????????????????????????????????? | | """??????????????????????????????????????????????? | | "##??????????????????????????????????????????????? | | """??????????????????????????????????????????????? | | #???????????????????????????????????????????????? | | "#???????????????????????????????????????????????? | | ##?????????????????????????????????????????????#?? | | ?????????????????????????????????????????????? #? | | ?????????????????????????????????????????????? #? | | ????????????????????????????????????????????? < #? | | ########????????????????????????????????????? #? | | """""""##??????????????????????????????????? ?? | | """ """"##?????????????????????????????????# #?? | | "" " #????????????????????????????????# ##? | | " """#???????????????????????????????# #? | | " "#???????????#####???????????????# #? | | " "##?????????##" #??????????????## #? | | ""###???????#" #?????????????## #??? | | """#??????##" ##????????????# #??? | | "#????### g ###????????### #???? | | ##???# ########## #???? | | ##?## %%[] #""""## ##???? | | ### %%% * ##???? | | #% * #???? | | ##"#@ ##??? | | ""### #### ###? | | #"""##?##;;#;#??#### * ## | | ######??? ##?????##### | | ##???????? ??????????### | | " ##?????????## ???????????### | | """ ""#???????????? #?????????????### | | ""#" "##???????????? ##??????????????#" | | ""##"""""""##?????????????# ???????????????#### | | "###########??????????????? ??????????????????# | | ##????????????????????????? ??????????????????## | | ??????????????????????????? #??????????????????## | | ???????????????????????????# ???????????????????? | | ????????????????????????????# ???????????????????? | | ?????????????????????????????#???????????????????? | | ?????????????????????????????????????????????????? | | ?????????????????????????????????????????????????? | | ?????????????????????????????????????????????????? | | ?????????????????????????????????????????????????? | | ?????????????????????????????????????????????????? | | ?????????????????????????????????????????????????? | | ?????????????????????????????????????????????????? | | ?????????????????????????????????????????????????? | | ?????????????????????????????????????????????????? | | ?????????????????????????????????????????????????? | +----------------------------------------------------+ Best States ------------- Heat Dissipation 39 Energy Generation 10 Energy Capacity 250 Matter Stores 300 Matter Capacity 300 Sight Range 16 Terrain Scan Density 10 Evasion (%) 40 Recoil Reduction 2 Item Schematics ----------------- None Robot Schematics ------------------ None Fabricated ------------ Nothing Alien Tech Used ----------------- None Achievements -------------- None Challenges ------------ None Game ------ Seed AccelerationArmorPerforator Manual? 0 Play Time 00:14:41 Cumulative 391.4 hours Start 2019.11.02 @ 21:24:48 End 2019.11.02 @ 21:39:09 Sessions 1 Manual Loads 0 Difficulty Rogue Special Mode None Game No. 188 Rogue 188 Adventurer 0 Explorer 0 Win Type - Total 11 Types 10/0/1/0/0/0/0 Lore% 76 Gallery% 82 Achievement% 50 Wizard Run 0 Options --------- ASCII 0 Keyboard 0 Movement Numpad Keybinds 0 Fullscreen 1 Font 18/SmallcapsGlow Map View 76x50 Tactical HUD 1 Map Filters NONE Filters NONE Steam 1 RUN: b66ed495-03a8-450d-95df-7422e0e7715f